 Dungeon Crawl Stone Soup version 0.17.0-9-g801d43b (webtiles) character file.

128 JudasIscariot the Ducker (level 5, 0/33 HPs)
             Began as a Kobold Abyssal Knight on Nov 9, 2015.
             Was a Believer of Lugonu.
             Slain by Grinder (5 damage)
             ... on level 3 of the Dungeon.
             The game lasted 00:13:31 (3580 turns).

JudasIscariot the Ducker (Kobold Abyssal Knight)    Turns: 3580, Time: 00:13:31

Health: 0/33       AC:  5    Str: 10    XL:     5   Next: 34%
Magic:  6/6        EV: 16    Int: 10    God:    Lugonu [**....]
Gold:   130        SH:  0    Dex: 17    Spells: 0 memorised, 4 levels left

rFire  . . .     SeeInvis .     n - +2 dagger (speed)
rCold  . . .     Clarity  +     b - +0 leather armour
rNeg   . . .     SustAt   .     (shield restricted)
rPois  .         Gourm    .     (no helmet)
rElec  .         Spirit   .     u - +0 cloak
rCorr  .         Warding  .     s - +0 pair of gloves
rMut   .         Stasis   .     (no boots)
MR     .....                    d - amulet of clarity
Stlth  ++........               (no ring)
                                (no ring)

@: not resistant to hostile enchantments, unstealthy
A: carnivore 3
a: Depart the Abyss, Bend Space, Renounce Religion


You were on level 3 of the Dungeon.
You worshipped Lugonu.
Lugonu was pleased with you.
You were completely stuffed.

You visited 1 branch of the dungeon, and saw 3 of its levels.
You visited the Abyss 1 time.

You collected 130 gold pieces.

Inventory:

Hand Weapons
 a - a +1 short sword
 f - a +3 dagger
 n - a +2 dagger of speed (weapon)
Armour
 b - a +0 leather armour (worn)
 o - a +1 hat of magic resistance
 s - a +0 pair of gloves (worn)
 u - a +0 cloak (worn)
Jewellery
 d - an amulet of clarity (around neck)
Wands
 e - a wand of flame (21)
Scrolls
 g - 3 scrolls of identify {unknown}
 i - a scroll of noise {unknown}
 j - a scroll of magic mapping {unknown}
 l - a scroll of amnesia {unknown}
 m - a scroll of teleportation {unknown}
 p - a scroll of remove curse {unknown}
 q - a scroll of recharging {unknown}
Potions
 k - a potion of brilliance {unknown}
 r - a potion of might {unknown}
Miscellaneous
 t - a plain deck of changes
Comestibles
 c - a meat ration
 h - a slice of pizza


   Skills:
 * Level 4.1 Fighting
 * Level 3.5 Short Blades
 - Level 0.7 Armour
 * Level 4.2 Dodging
 * Level 2.4 Stealth
 * Level 2.4 Invocations


You had 4 spell levels left.
You didn't know any spells.

Dungeon Overview and Level Annotations

Branches:
Dungeon (3/15)

Altars:

Annotations:
D:3 Grinder


Innate Abilities, Weirdness & Mutations

You are small and have problems with some larger weapons.
You are carnivorous and can eat meat at any time.


Message History

Grinder is heavily wounded.
Grinder gestures at you.
You suddenly lose the ability to move!
Grinder hits you but does no damage. Grinder hits you.
* * * LOW HITPOINT WARNING * * *
Grinder completely misses you.
You can move again.
You barely miss Grinder.
Grinder is heavily wounded.
You hit Grinder but do no damage.
Grinder is heavily wounded.
Grinder gestures at you.
You barely resist. You hit Grinder but do no damage.
Grinder is heavily wounded.
You closely miss Grinder.
Grinder is heavily wounded.
Grinder hits you.
You die...

#######
#.....#############
#.....##...@5<.....
#........##########
#.....#### #.....#
#####.# #.# #.#
######### ########.##
#.......# #.#
###.........###.......#
#.#


You could see Grinder.

Vanquished Creatures
  Natasha (thrice) (D:2)
  A gnoll (D:1)
  3 adders
  An ooze (D:1)
  3 giant cockroaches (D:2)
  7 hobgoblins
  6 kobolds
  3 bats
  9 giant geckos
  5 giant newts
  10 goblins
  6 rats (D:2)
57 creatures vanquished.

Notes
Turn   | Place    | Note
--------------------------------------------------------------
     0 | Abyss:1  | JudasIscariot the Kobold Abyssal Knight began the quest for the Orb.
     0 | Abyss:1  | Reached XP level 1. HP: 14/14 MP: 2/2
    66 | Abyss:1  | Noticed a quasit
    90 | D:1      | Escaped the Abyss
   429 | D:1      | Reached * piety under Lugonu
   429 | D:1      | Reached XP level 2. HP: 16/19 MP: 3/3
   849 | D:1      | Reached skill level 1 in Stealth
   849 | D:1      | Reached XP level 3. HP: 13/24 MP: 4/4
  1564 | D:2      | Reached skill level 4 in Fighting
  1752 | D:2      | Reached XP level 4. HP: 29/29 MP: 5/5
  1915 | D:2      | Reached ** piety under Lugonu
  1982 | D:2      | Noticed Natasha
  2002 | D:2      | Killed Natasha
  2347 | D:2      | Reached XP level 5. HP: 33/33 MP: 6/6
  2645 | D:2      | Noticed Natasha
  2666 | D:2      | Killed Natasha
  3039 | D:2      | Noticed Natasha
  3051 | D:2      | Killed Natasha
  3557 | D:3      | Noticed Grinder
  3573 | D:3      | Paralysed by Grinder for 3 turns
  3580 | D:3      | Slain by Grinder

Action                   |  1- 3 |  4- 6 || total
-------------------------+-------+-------++-------
Melee: Short sword       |    38 |       ||    38
       Dagger            |    52 |   171 ||   223
Invok: Depart the Abyss  |     1 |       ||     1
  Use: Potion            |       |     2 ||     2
 Stab: Sleeping          |     1 |     3 ||     4
  Eat: Chunk             |    11 |     6 ||    17
